 Dungeon Crawl Stone Soup version 0.30.1-10-g1249ef9ec4 (webtiles) character file.

Game seed: 6825596070528830949

112 lonewolfV2 the Covered (level 4, 0/52 HPs)
             Began as a Demonspawn Fighter on Oct 26, 2023.
             Slain by a goblin
             ... wielding a +0 dagger
             ... led by Robin
              (3 damage)
             ... on level 3 of the Dungeon.
             The game lasted 00:02:36 (2100 turns).

lonewolfV2 the Covered (Demonspawn Fighter)         Turns: 2100, Time: 00:02:37

Health: 0/52       AC:  6    Str: 16 (19) XL:     4   Next: 64%
Magic:  4/4        EV:  9    Int:  3 (4)  God:
Gold:   106        SH:  4    Dex:  9 (12) Spells: 3/3 levels left

rFire   + . .        p - +0 whip of Taamued {venom, Fragile +Blink rC+++ Will++ Int-5}
rCold   + + +        c - +0 buckler
rNeg    . . .        b - +0 scale mail
rPois   +            (no helmet)
rElec   +            (no cloak)
rCorr   +            (no gloves)
SInv    .            (no boots)
Will    ++...        (no amulet) Stlth
                     (no ring)
HPRegen 0.28/turn    (no ring)
MPRegen 0.09/turn

%: no passive effects
@: berserking, resistant, very quick
A: powered by death 1
a: Evoke Blink


You were on level 3 of the Dungeon.
You visited 1 branch of the dungeon, and saw 3 of its levels.

You collected 106 gold pieces.

Inventory:

Hand Weapons
 a - a +0 war axe
 p - the +0 whip of Taamued (weapon) {venom, Fragile +Blink rC+++ Will++ Int-5}
   (You found it on level 2 of the Dungeon)

   Int:       It affects your intelligence (-5).
   rC:        It renders you almost immune to cold.
   +Blink:    It lets you blink.
   Fragile:   It will be destroyed if unequipped.
   Will:      It greatly increases your willpower.
Armour
 b - a +0 scale mail (worn)
 c - a +0 buckler (worn)
Jewellery
 m - a ring of wizardry
Scrolls
 e - 2 scrolls of noise {unknown}
 g - a scroll of teleportation {unknown}
 h - 3 scrolls of enchant armour {unknown}
Potions
 d - a potion of might
 j - a potion of attraction
 n - a potion of flight
 o - a potion of mutation {unknown}


   Skills:
 - Level 3.0 Fighting
 - Level 1.7 Axes
 + Level 3.5 Armour
 * Level 3.2 Dodging
 - Level 2.6 Shields


You had 3 spell levels left.
You didn't know any spells.
Your spell library was empty.

Dungeon Overview and Level Annotations

Branches:
Dungeon (3/15)

Altars:


Innate Abilities, Weirdness & Mutations

You regenerate a little health from kills.


Message History

You hit the hobgoblin but do no damage.
The hobgoblin is poisoned.
You kill the hobgoblin!
The goblin closely misses you. The hobgoblin closely misses you.
The goblin closely misses you.
It was a potion of flight.
You feel very buoyant.
You fly up into the air.
The goblin misses you. The goblin hits you but does no damage.
You block the hobgoblin's attack.
It was a potion of attraction.
You feel attractive to monsters.
The hobgoblin no longer looks unusually strong.
The goblin no longer looks unusually strong.
The goblin hits you with a +0 dagger.
* * * LOW HITPOINT WARNING * * *
The goblin hits you but does no damage.
The hobgoblin hits you but does no damage.
It was a potion of cancellation.
Your magical effects are unravelling.
You feel magically purged.
You float gracefully downwards.
You block the goblin's attack.
The hobgoblin hits you but does no damage.
The goblin hits you with a +0 dagger.
* * * LOW HITPOINT WARNING * * *
You feel less attractive to monsters.
It was a potion of degeneration.
There was something very wrong with that liquid.
You feel weakened.
You feel dopey.
You feel clumsy. You block the goblin's attack.
The hobgoblin barely misses you. You block the goblin's attack.
It was a potion of resistance.
You feel protected. The goblin hits you but does no damage.
You block the hobgoblin's attack. The goblin hits you but does no damage.
Okay, then.
It was a potion of berserk rage.
A red film seems to cover your vision as you go berserk!
You feel yourself moving faster!
You feel mighty!
The hobgoblin hits you but does no damage.
The goblin hits you with a +0 dagger.
You die...

#..........#
#..........#
#..........#
#..........##
#............ .
#...........#
..##........?.#
.......@g.....#
......gg##...##
...........###
####..##!###############
#...>................
#.......#############
#######.# #.# #.#


You could see a hobgoblin and 2 goblins.

Vanquished Creatures
  Jessica (D:2)
  Robin (D:3)
  An adder (D:3)
  A worm (D:2)
  2 dart slugs
  4 orcs (D:2)
  4 ball pythons
  An endoplasm (D:1)
  4 giant cockroaches
  6 goblins
  5 hobgoblins
  11 kobolds
  3 quokkas
  2 bats
  5 frilled lizards (D:2)
  4 rats
55 creatures vanquished.

Notes
Turn   | Place    | Note
-------+----------+-------------------------------------------
     0 | D:1      | lonewolfV2 the Demonspawn Fighter began the quest for the
                  | Orb.
     0 | D:1      | Reached XP level 1. HP: 18/18 MP: 1/1
     2 | D:1      | Noticed a demonspawn
     2 | D:1      | Noticed a vine stalker
     4 | D:1      | Noticed a vampire
     4 | D:1      | Noticed a troll
     6 | D:1      | Noticed a tengu
     6 | D:1      | Noticed an octopode
     8 | D:1      | Noticed a gargoyle
     8 | D:1      | Noticed an armataur
    10 | D:1      | Noticed a minotaur
    10 | D:1      | Noticed a formicid
    12 | D:1      | Noticed a ghoul
    12 | D:1      | Noticed a demigod
    14 | D:1      | Noticed an ogre
    14 | D:1      | Noticed a felid
    16 | D:1      | Noticed a spriggan
    18 | D:1      | Noticed a merfolk
    20 | D:1      | Noticed a draconian
    20 | D:1      | Noticed an elf
    22 | D:1      | Noticed a human
    25 | D:1      | Noticed a naga
    25 | D:1      | Noticed a vine stalker
    27 | D:1      | Noticed a human
    27 | D:1      | Noticed an elf
    67 | D:1      | Reached skill level 1 in Dodging
    87 | D:1      | Gained mutation: You regenerate a little health from kills.
                  | [demonic ancestry]
    87 | D:1      | Reached XP level 2. HP: 24/24 MP: 2/2
   814 | D:1      | You fall into a shaft and drop 1 floor!
   913 | D:2      | Reached XP level 3. HP: 27/29 MP: 3/3
  1203 | D:2      | Identified the +0 whip of Taamued {venom, Fragile +Blink
                  | rC+++ Will++ Int-5}
  1226 | D:2      | Found a faded altar of an unknown god.
  1312 | D:2      | Noticed Jessica
  1320 | D:2      | Killed Jessica
  1321 | D:2      | Reached XP level 4. HP: 34/35 MP: 4/4
  2071 | D:3      | Noticed Robin
  2080 | D:3      | Killed Robin
  2097 | D:3      | HP: 1/35 [goblin/+0 dagger[Robin] (1)]
  2100 | D:3      | Slain by a goblin

Illustrated notes

Levels and vault maps discovered:
D:1:      kb_arrival_jail, layout_basic
D:2:      layout_basic, shapermc_ecumenical_altar_mp_urbaneastern,
          minmay_misc_feat_ornament, grunt_decor_fettered, uniq_jessica
D:3:      layout_basic, chequers_decorated_corner, uniq_robin

Skill      XL: |  1  2  3  4 |
---------------+-------------+-----
Dodging        | 1 2 3 |  3.2
Armour         | 3 |  3.5
Fighting       | |  3.0
Axes           | |  1.7
Shields        | |  2.6

Action                     |  1- 3 |  4- 6 || total
---------------------------+-------+-------++-------
  Melee: War axe           |   100 |    18 ||   118
         Whip              |       |    42 ||    42
    Use: Potion            |       |     6 ||     6
 Armour: Scale mail        |    53 |    48 ||   101
  Dodge: Dodged            |    50 |    44 ||    94
  Block: Buckler           |    28 |    16 ||    44
